 Dungeon Crawl Stone Soup version 0.20.1-1-g8b1a95d (webtiles) character file.

92 Saithnar the Ducker (level 4, -8/35 HPs)
             Began as a Demonspawn Gladiator on Aug 18, 2017.
             Killed by nerve-wracking pain
             ... invoked by a shadow imp
             ... summoned by Natasha
              (14 damage)
             ... on level 2 of the Dungeon.
             The game lasted 00:09:12 (1970 turns).

Saithnar the Ducker (Demonspawn Gladiator)          Turns: 1970, Time: 00:09:13

Health: -8/35      AC:  5    Str: 15    XL:     4   Next: 35%
Magic:  4/4        EV: 13    Int:  9    God:
Gold:   45         SH:  0    Dex: 15    Spells: 3/3 levels left

rFire    . . .     SeeInvis .   a - +1 war axe
rCold    . . .     Gourm    .   (no shield)
rNeg     . . .     Faith    .   k - +0 leather armour
rPois    .         Spirit   .   (helmet restricted)
rElec    .         Reflect  .   (no cloak)
rCorr    .         Harm     .   (no gloves)
MR       .....                  (no boots)
Stlth    +.........             (no amulet)
Regen    0.2/turn               (no ring)
MPRegen  0.1/turn               (no ring)

@: slowed, very slow
A: antennae 1, icy blue scales 1
a: no special abilities


You were on level 2 of the Dungeon.
You were full.

You visited 1 branch of the dungeon, and saw 2 of its levels.

You collected 45 gold pieces.

Inventory:

Hand Weapons
 a - a +1 war axe (weapon)
 h - a +0 short sword
Missiles
 d - 3 throwing nets (quivered)
Armour
 b - a +0 leather armour
 c - a +0 helmet
 j - a cursed +0 robe
 k - a +0 leather armour (worn)
Scrolls
 e - a scroll of teleportation
 s - 2 scrolls of identify
Potions
 g - a potion of magic
 n - a potion of haste {unknown}
 v - a potion of brilliance {unknown}
Comestibles
 f - 2 bread rations
 i - a chunk of flesh
 l - 4 fruits
 o - a meat ration


   Skills:
 + Level 3.0 Fighting
 + Level 3.3 Axes
 - Level 1.9 Throwing
 + Level 3.6 Dodging


You had 3 spell levels left.
You didn't know any spells.

Dungeon Overview and Level Annotations

Branches:
Dungeon (2/15)

Altars:
Hepliaklqana

Annotations:
D:2 Natasha


Innate Abilities, Weirdness & Mutations

You have a pair of small antennae on your head.
You are partially covered in icy blue scales. (AC +2)


Message History

Natasha closely misses you.
You closely miss Natasha. Natasha barely misses you.
Natasha mumbles some strange words.
You feel troubled. Natasha claws you!
* * * LOW HITPOINT WARNING * * *
Natasha claws you!
* * * LOW HITPOINT WARNING * * *
Natasha claws you but does no damage.
You feel better. Natasha claws you but does no damage.
Natasha howls an incantation.
Natasha shimmers violently.
Natasha claws you.
* * * LOW HITPOINT WARNING * * *
Natasha mumbles some strange words.
The shadow imp misses you. Natasha closely misses you.
The shadow imp gestures at you. Pain shoots through your body!
You die...

#..# #.# #§§§ ###.##### #.#
#§§# #5K..5..#
######.#####§# #.#####.#
#........§§§§#
####.###...####.#####.###§§#
#......[.#.........##># #.§#
#.##.##....####.##.##.# #...
#. #.##.#.h###...#.##.# ####
#. #.....K5@..........# #.
....###.#.#.#...#####.# #.
#. . #.....#.#.# ..# #. #r#.
####..#.#.# #. ..#. ##.#...#
#. ..##### #.#####. ...
#....... ...# #.......
#.......


You could see Natasha, a shadow imp and a kobold.

Vanquished Creatures
  Natasha (D:2)
  2 adders (D:2)
  2 worms (D:2)
  A dart slug (D:1)
  5 bats (D:1)
  3 giant cockroaches (D:1)
  5 goblins
  6 hobgoblins
  4 jackals
  A frilled lizard (D:1)
  3 kobolds
  5 rats
38 creatures vanquished.

Notes
Turn   | Place    | Note
-------+----------+-------------------------------------------
     0 | D:1      | Saithnar the Demonspawn Gladiator began the quest for the Orb.
     0 | D:1      | Reached XP level 1. HP: 16/16 MP: 1/1
   252 | D:1      | Gained mutation: You have a pair of small antennae on your head. [demonic ancestry]
   252 | D:1      | Reached XP level 2. HP: 20/22 MP: 2/2
   983 | D:1      | Gained mutation: You are partially covered in icy blue scales. (AC +2) [demonic ancestry]
   983 | D:1      | Reached XP level 3. HP: 27/28 MP: 3/3
  1470 | D:2      | Found a hazy altar of Hepliaklqana.
  1795 | D:2      | Noticed Natasha
  1815 | D:2      | Killed Natasha
  1815 | D:2      | Reached XP level 4. HP: 13/35 MP: 4/4
  1934 | D:2      | Noticed Natasha
  1970 | D:2      | Killed from afar by a shadow imp

Skill      XL: |  1  2  3 |
---------------+----------+-----
Dodging        | 3 |  3.6
Axes           | 3 |  3.3
Fighting       | 3 |  3.0
Throwing       | |  1.9

Action                   |  1- 3 |  4- 6 || total
-------------------------+-------+-------++-------
Melee: War axe           |   107 |    27 ||   134
       Spear             |     3 |       ||     3
  Use: Scroll            |     8 |       ||     8
       Potion            |     2 |     4 ||     6
  Eat: Bread ration      |     1 |     1 ||     2
Armor: Leather armour    |    58 |     8 ||    66
Dodge: Dodged            |   140 |    29 ||   169
